Sizo, neutral male human Healer #%############ d ------|--- @ |........| -...'c'## ...<.....| |... # |........| |`. # ---------- |.. # -. # . # # # # Sizo the Embalmer Experience level: 7 Strength: 13 Dexterity: 9 Constitution: 15 Intelligence: 8 Wisdom: 17 Charisma: 16 Health: 0(58) Energy: 7(65) AC: -1 Gold: 1598 Moves: 6106 Your Inventory: Coins $ - 1598 gold pieces Weapons t - an [uncursed] +0 elven dagger (weapon in hand) H - 2 [uncursed +0] darts Armor b - an uncursed +1 pair of leather gloves (being worn) q - a [blessed] +1 crystal plate mail (being worn) r - a [blessed] burnt +1 small shield [of searching] (being worn) Comestibles k - 6 uncursed apples p - an [uncursed] food ration v - 2 [uncursed] cream pies Scrolls K - an uncursed scroll of enchant weapon Spellbooks h - a blessed spellbook of healing i - a blessed spellbook of extra healing j - a blessed spellbook of stone to flesh Rings D - a cursed -3 ring of increase accuracy (on right hand) V - a [cursed] jade ring [of teleportation] Wands g - an uncursed wand of sleep (0:2) u - an [uncursed] wand of magic missile (0:0) F - an uncursed wand of wishing (1:1) Tools c - an uncursed stethoscope l - an [uncursed] magic marker [0:65] Gems o - 2 [uncursed] green gems [jade] M - an [uncursed] white gem [worthless glass] Spells known in the end: Name Level Category Fail Memory a - healing 1 healing 0% [||||||..] b - extra healing 3 healing 0% [||||||..] c - stone to flesh 3 healing 7% [||||||..] Your skills at the end: Fighting Skills Weapon Skills knife [Basic / Expert] Spellcasting Skills healing spells [Basic / Expert] Final Attributes: You were piously aligned. Hunger level was 478. Your alignment was 29 / 40. Monster difficulty range was 1 - 8. Level difficulty was 9. You were immune to poison. You had automatic searching. You were held by a rope golem. You had a -3 penalty to hit. You were a wererat. Your luck was zero. You are dead. Vanquished creatures: 2 small mimics 2 tengu a chameleon a quivering blob a leprechaun a vampire bat a yeti a dog a dingo 3 dust vortices a snake 4 apes 4 soldier ants 2 rock piercers 2 yellow lights a violet fungus a gnome lord 3 straw golems 3 giant ants a dwarf 2 homunculi a kobold lord a kobold shaman 2 hill orcs 2 rothes 4 giant bats a monkey a wererat a werejackal 5 iguanas 2 killer bees a hobbit 2 manes a large kobold 4 hobgoblins 10 giant rats a cave spider 2 green molds a gnome 5 garter snakes 3 geckos 16 jackals 2 kobolds 2 goblins 4 grid bugs 4 bats 5 lichens a kobold zombie 7 newts 129 creatures vanquished. Voluntary challenges: You used a wielded weapon 185 times. You read items or engraved 6 times. You put on armor 4 times. You never genocided any monsters. You never polymorphed an object. You never changed form. You used 2 wishes. You used 2 wishes for magical items. You did not wish for any artifacts. You never wrote Elbereth's name. You never encountered a bones level. You never used any Sokoban shortcuts. Dungeon overview: The Dungeons of Doom: levels 1 to 9 Level 1 a fountain, a sink a long staircase Level 2 an armor shop stairs to The Gnomish Mines Level 3 some fountains Level 5 a fountain Level 8 a potion shop, a sink Level 9 <- You were here The Gnomish Mines: Level 3 stairs to The Dungeons of Doom History has recorded: On T:1 you entered the Dungeons of Doom to retrieve the Amulet of Yendor! On T:280 you reached level 2 of The Dungeons of Doom. On T:731 you reached level 1 of The Gnomish Mines. On T:786 you reached level 3 of The Dungeons of Doom. On T:991 you advanced to experience level 2. On T:991 you advanced to experience level 3. On T:1427 you reached level 4 of The Dungeons of Doom. On T:1694 you advanced to experience level 4. On T:2149 you reached level 5 of The Dungeons of Doom. On T:2349 you advanced to experience level 5. On T:2819 you reached level 6 of The Dungeons of Doom. On T:3209 you reached level 7 of The Dungeons of Doom. On T:4308 you reached level 8 of The Dungeons of Doom. On T:4884 you advanced to experience level 6. On T:5759 you advanced to experience level 7. On T:5956 you reached level 9 of The Dungeons of Doom. On T:6090 you wished for "2 blessed scrolls of charging". On T:6106 you wished for "teleportation". Latest messages: [HP+4=8] The sleep ray hits the wax golem. The sleep ray bounces! The wax golem hits! The wax golem touches you! The rope golem misses. (2x) You are being choked. The cockatrice bites! The cockatrice touches you! The wax golem hits! The wax golem touches you! [HP-7=1] [2 turns] You may wish for an object. Nothing fitting that description exists in the game. V - a jade ring. The wax golem hits! You die... Final status: Goodbye Sizo the Healer... You died in The Dungeons of Doom on dungeon level 9 with 838 points, and 1598 pieces of gold, after 6106 moves. You were level 7 with a maximum of 58 hit points when you died.